 Dungeon Crawl Stone Soup version 0.31-a0-269-g3aca3be9df (webtiles) character file.

Game seed: 13438749390642226698

2957 qw the Skirmisher (level 9, 18/18 HPs)
             Began as a Minotaur Hexslinger on July 14, 2023.
             Was an Initiate of Okawaru.
             Quit the game on level 8 of the Dungeon.
             The game lasted 01:02:12 (31414 turns).

qw the Skirmisher (Minotaur Hexslinger)            Turns: 31414, Time: 01:02:13

Health: 18/18      AC: 11    Str: 12    XL:     9   Next: 52%
Magic:  9/9        EV: 14    Int: 10    God:    Okawaru [......]
Gold:   214        SH:  0    Dex: 18    Spells: 9/10 levels left

rFire   . . .        n - +0 arbalest (freeze)
rCold   . . .        (shield currently unavailable)
rNeg    . . .        g - +3 leather armour
rPois   .            (helmet restricted)
rElec   .            m - +1 cloak
rCorr   .            b - +1 pair of gloves
SInv    .            e - +0 pair of boots
Will    .....        h - amulet of faith
Stlth   +            (no ring)
HPRegen 0.23/turn    (no ring)
MPRegen 0.11/turn

%: faith
@: no status effects
A: horns 2, retaliatory headbutt
a: Renounce Religion


You were on level 8 of the Dungeon.
You worshipped Okawaru.
Okawaru was noncommittal.
You visited 2 branches of the dungeon, and saw 9 of its levels.
You also visited: Sewer.

You collected 417 gold pieces.
You spent 203 gold pieces at shops.


Innate Abilities, Weirdness & Mutations

You have a pair of horns on your head.
You reflexively headbutt those who attack you in melee.


   Skills:
 - Level 7.1 Fighting
 + Level 11.8 Ranged Weapons
 - Level 3.0 Armour
 - Level 5.1 Dodging
 - Level 1.0 Spellcasting
 - Level 2.0 Hexes


You had 9 spell levels left.
You knew the following spells:

 Your Spells              Type           Power      Damage    Failure   Level
a - Slow                  Hex            16%        N/A       19%         1

Your spell library contained the following spells:

 Spells                   Type           Power      Damage    Failure   Level
 Inner Flame              Hex/Fire       2%         N/A       65%         3
 Portal Projectile        Hex/Tloc       4%         N/A       65%         3
 Cause Fear               Hex            2%         N/A       88%         4

Inventory:

Hand Weapons
 n - a +0 arbalest of freezing (weapon)
Armour
 b - a +1 pair of gloves (worn)
 e - a +0 pair of boots (worn)
 g - a +3 leather armour (worn)
 m - a +1 cloak (worn)
Jewellery
 f - a ring of ice
 h - an amulet of faith (around neck)
Scrolls
 a - 4 scrolls of teleportation
 i - a scroll of identify
Potions
 c - 4 potions of curing
 k - a potion of mutation
 l - a potion of might

Dungeon Overview and Level Annotations

Branches:
Dungeon (8/15)             Temple (1/1) D:7           Sewer (visited)
   Lair: D:8-11

Altars:
Ashenzari
Cheibriados
Dithmenos
Kikubaaqudgha
Makhleb
Nemelex Xobeh
Okawaru
Qazlal
Ru
Sif Muna
Trog
Uskayaw
Vehumet
Wu Jian
Zin
The Shining One

Shops:
D:2 (   D:5 ?

Annotations:
D:6 3 runed translucent doors, qw's ghost, amateur MiHs


Message History

Enter note:
Enter note:
Enter note:
Enter note:
Enter note:
Enter note:
Enter note:
Enter note:
Enter note:
Enter note:
Enter note:
Enter note: Zot's power touches on you...
Buggy note passed: unknown note type HP restored.
You have lingered too long.
Zot senses you.
Dive deeper or flee this branch before you suffer!
Qw's ghost turns its malevolent gaze towards you.
Qw's ghost wails, "You must not succeed where I failed!"
Could not explore, unopened runed door.
(D) Dungeon (T) Temple
Where to? (* - list waypoints, Enter - D:6, ? - help)
What level of the Dungeon? (default 1, ? - help) Qw's ghost shrieks, "Death is your only future!"
There is a stone staircase leading down here.
You climb downwards.
There is a stone staircase leading up here.
There is a stone staircase leading down here.
You climb downwards.
As you enter the new level, Zot loses track of you.
There is a stone staircase leading up here.
Waypoint 9 assigned to D:8.
Found a stone staircase leading up.
You now have 197 gold pieces (gained 8).
Found a leather armour.
Found a mace.
You now have 214 gold pieces (gained 17).
You see here a +0 mace.
You open the door.
An orc warrior comes into view.
It is wielding a +0 flail of protection.
Are you sure you want to abandon this character and quit the game? (Confirm with "yes".)

##.# ##...#.#
...###### #......#
........## ......#
##.####..######
.....#
.......@....).##
....
#######'#####..###.#
... #......#####
#.... #.###.......
##..o. #.# #.#....#
##....#.# #....#.#
#...+.# ##..[...
#..#.## #...#.#
#...#...#...


You could see an orc warrior (asleep).

Vanquished Creatures
  Pikel (D:7)
  A hornet (D:6)
  A steam dragon (D:4)
  2 water moccasins
  A sky beast (D:6)
  An orc warrior (D:6)
  2 ice beasts (D:7)
  A black bear (D:4)
  An ogre (D:5)
  A centaur (D:6)
  A phantom (D:4)
  4 lemures (D:7)
  3 bullfrogs
  A scorpion (D:6)
  4 wights (D:7)
  2 howler monkeys
  2 hounds
  5 orc priests
  2 jellies
  3 iguanas
  4 orc wizards
  A statue (D:6)
  10 adders
  A white imp (D:7)
  2 ufetubi (D:5)
  3 worms
  2 dart slugs (D:1)
  24 orcs
  15 ball pythons
  8 bats
  5 endoplasms
  17 giant cockroaches
  7 goblins
  5 hobgoblins
  4 jackals (D:1)
  7 quokkas
  6 frilled lizards
  6 kobolds
  3 rats
169 creatures vanquished.

Vanquished Creatures (others)
  A wizard (D:7)
1 creature vanquished.

Grand Total: 170 creatures vanquished

Notes
Turn   | Place    | Note
-------+----------+-------------------------------------------
     0 | D:1      | qw the Minotaur Hexslinger began the quest for the Orb.
     0 | D:1      | Reached XP level 1. HP: 16/16 MP: 1/1
     0 | D:1      | 0 ||| qw: Version: 0.3-a-52-g30416fa
     0 | D:1      | 0 ||| qw: Game counter: 7951
     0 | D:1      | 0 ||| qw: Melee chars always use a shield: true
     0 | D:1      | 0 ||| qw: God list: Okawaru
     0 | D:1      | 0 ||| qw: Allow faded altars: false
     0 | D:1      | 0 ||| qw: Do Orc after clearing Dungeon:15 true
     0 | D:1      | 0 ||| qw: Do second Lair branch before Depths: true
     0 | D:1      | 0 ||| qw: Lair rune preference: random
     0 | D:1      | 0 ||| qw: Goals: Normal
     0 | D:1      | 0 ||| PLANNING D:1-11
    92 | D:1      | Reached skill level 3 in Ranged Weapons
    92 | D:1      | Reached XP level 2. HP: 23/23 MP: 2/2
   715 | D:1      | Reached XP level 3. HP: 28/29 MP: 3/3
   773 | D:1      | 773 ||| UPGRADING to +0 pair of boots.
   778 | D:1      | 778 ||| UPGRADING to +0 leather armour.
   788 | D:1      | 788 ||| DROPPING +0 robe.
   789 | D:1      | 789 ||| READING scroll labelled QEWITHR BUZAKESCH.
   790 | D:1      | 790 ||| READING scroll labelled OGECZA MIAPT.
   791 | D:1      | 791 ||| READING 4 scrolls labelled QYSE KIK FID.
   792 | D:1      | 792 ||| READING scroll labelled ZEUHILE ITICH.
   793 | D:1      | 793 ||| READING scroll labelled GOHO HUXIE.
   794 | D:1      | 794 ||| READING 3 scrolls of identify.
   794 | D:1      | 794 ||| IDENTIFYING orange potion
   795 | D:1      | 795 ||| DROPPING scroll of poison.
   796 | D:1      | 796 ||| DROPPING potion of lignification.
   822 | D:2      | Found Viradiku's Weapon Emporium.
   837 | D:2      | 837 ||| BUYING +0 shortbow (42 gold).
   837 | D:2      | Bought a +0 shortbow for 42 gold pieces
   837 | D:2      | 837 ||| SWAPPING to +0 shortbow.
   838 | D:2      | 838 ||| DROPPING +1 sling.
   964 | D:2      | Reached skill level 4 in Ranged Weapons
  1497 | D:2      | 1497 ||| READING 2 scrolls labelled JEMUH KENEIKO.
  1500 | D:2      | 1500 ||| READING scroll labelled NEIBIQ HABEDU.
  1501 | D:2      | 1501 ||| READING scroll labelled DEH GOXIYTAI.
  1502 | D:2      | 1502 ||| READING 2 scrolls of identify.
  1502 | D:2      | 1502 ||| IDENTIFYING lumpy clear potion
  1514 | D:3      | 1514 ||| STAIRDANCE
  1553 | D:3      | 1553 ||| STAIRDANCE
  1670 | D:3      | Reached XP level 4. HP: 36/36 MP: 4/4
  1971 | D:3      | Found a faded altar of an unknown god.
  2021 | D:3      | Reached skill level 5 in Ranged Weapons
  2128 | D:3      | Found the +5 Force Lance {heavy, knockback}
  2411 | D:3      | 2411 ||| UPGRADING to +0 ring mail.
  2421 | D:3      | 2421 ||| DROPPING +0 leather armour.
  2422 | D:3      | 2422 ||| UPGRADING to amulet of faith.
  2427 | D:3      | 2427 ||| READING scroll labelled QEUSUPRI NYTU.
  2428 | D:3      | 2428 ||| READING 2 scrolls of identify.
  2428 | D:3      | 2428 ||| IDENTIFYING emerald potion
  2429 | D:3      | 2429 ||| DROPPING potion of attraction.
  2505 | D:4      | Reached skill level 1 in Armour
  2505 | D:4      | Reached XP level 5. HP: 21/42 MP: 5/5
  2609 | D:4      | Noticed a steam dragon
  2611 | D:4      | 2611 ||| FLEEEEING.
  2612 | D:4      | 2612 ||| FLEEEEING.
  2613 | D:4      | 2613 ||| FLEEEEING.
  2614 | D:4      | 2614 ||| FLEEEEING.
  2615 | D:4      | 2615 ||| FLEEEEING.
  2616 | D:4      | 2616 ||| FLEEEEING.
  2617 | D:4      | 2617 ||| FLEEEEING.
  2618 | D:4      | 2618 ||| FLEEEEING.
  2619 | D:4      | 2619 ||| FLEEEEING.
  2620 | D:4      | 2620 ||| FLEEEEING.
  2621 | D:4      | 2621 ||| FLEEEEING.
  2622 | D:4      | 2622 ||| FLEEEEING.
  2623 | D:4      | 2623 ||| FLEEEEING.
  2624 | D:4      | 2624 ||| FLEEEEING.
  2625 | D:4      | 2625 ||| FLEEEEING.
  2626 | D:4      | 2626 ||| FLEEEEING.
  2627 | D:4      | 2627 ||| FLEEEEING.
  2637 | D:4      | 2637 ||| Stepping ~*~*~tactically~*~*~ (cloud).
  2645 | D:4      | Killed a steam dragon
  2646 | D:4      | Reached XP level 6. HP: 44/55 MP: 6/6
  2752 | D:4      | Found a stormy altar of Qazlal.
  2977 | D:4      | Reached skill level 6 in Ranged Weapons
  3115 | D:4      | Found a broken altar of Ashenzari.
  3276 | D:4      | Reached XP level 7. HP: 38/60 MP: 7/7
  3424 | D:4      | 3424 ||| DROPPING amulet of guardian spirit.
  3425 | D:4      | 3425 ||| DROPPING ring of magical power.
  3426 | D:4      | 3426 ||| READING scroll labelled NONGE WAEHOH.
  3453 | D:5      | Entered Level 5 of the Dungeon
  3563 | D:5      | 3563 ||| DRINKING 6 potions of curing.
  3563 | D:5      | 3563 ||| (to cure confusion)
  3565 | D:5      | Reached skill level 7 in Ranged Weapons
  3691 | D:5      | Found Susoasem's Magic Scroll Shop.
  3694 | D:5      | 3694 ||| BUYING scroll of brand weapon (133 gold).
  3694 | D:5      | Bought a scroll of brand weapon for 133 gold pieces
  3694 | D:5      | 3694 ||| SHOPLISTING scroll of enchant armour (105 gold,
                  | have 43).
  3694 | D:5      | 3694 ||| SHOPLISTING scroll of enchant weapon (105 gold,
                  | have 43).
  3694 | D:5      | 3694 ||| BUYING scroll of identify (28 gold).
  3694 | D:5      | Bought a scroll of identify for 28 gold pieces
  3694 | D:5      | 3694 ||| SHOPLISTING scroll of teleportation (42 gold, have
                  | 15).
  3805 | D:5      | Found a hide-covered altar of Uskayaw.
  3858 | D:5      | Reached skill level 8 in Ranged Weapons
  4029 | D:5      | Found an ornate altar of the Wu Jian Council.
  4101 | D:5      | 4101 ||| FLEEEEING.
  4102 | D:5      | 4102 ||| FLEEEEING.
  4103 | D:5      | 4103 ||| FLEEEEING.
  4104 | D:5      | 4104 ||| FLEEEEING.
  4105 | D:5      | 4105 ||| FLEEEEING.
  4109 | D:5      | 4109 ||| FLEEEEING.
  4110 | D:5      | 4110 ||| FLEEEEING.
  4113 | D:5      | 4113 ||| FLEEEEING.
  4114 | D:5      | 4114 ||| FLEEEEING.
  4115 | D:5      | 4115 ||| FLEEEEING.
  4116 | D:5      | 4116 ||| FLEEEEING.
  4117 | D:5      | 4117 ||| FLEEEEING.
  4118 | D:5      | 4118 ||| FLEEEEING.
  4119 | D:5      | 4119 ||| FLEEEEING.
  4120 | D:5      | 4120 ||| FLEEEEING.
  4121 | D:5      | 4121 ||| FLEEEEING.
  4216 | D:5      | 4216 ||| READING 3 scrolls of identify.
  4216 | D:5      | 4216 ||| IDENTIFYING coppery potion
  4217 | D:5      | 4217 ||| READING 2 scrolls of identify.
  4217 | D:5      | 4217 ||| IDENTIFYING bubbling brown potion
  4218 | D:5      | 4218 ||| DROPPING potion of berserk rage.
  4256 | D:6      | 4256 ||| PLANNING SEWER
  4290 | D:6      | Found a glowing drain.
  4296 | D:6      | 4296 ||| Stepping ~*~*~tactically~*~*~ (water).
  4303 | Sewer    | Entered a sewer
  4489 | Sewer    | Reached skill level 9 in Ranged Weapons
  4489 | Sewer    | Reached XP level 8. HP: 42/68 MP: 8/8
  4773 | Sewer    | 4773 ||| UPGRADING to +3 leather armour.
  4783 | Sewer    | 4783 ||| DROPPING +0 ring mail.
  4784 | Sewer    | 4784 ||| READING 2 scrolls labelled BICSAR TEOD.
  4785 | Sewer    | 4785 ||| DROPPING scroll of fear.
  4805 | D:6      | 4805 ||| PLANNING D:1-11
  4839 | D:6      | Reached skill level 3 in Dodging
  4866 | D:6      | Noticed a hornet
  4870 | D:6      | Paralysed by a hornet for 1 turns
  4872 | D:6      | Killed a hornet
  4873 | D:6      | Reached skill level 6 in Fighting
  5138 | D:6      | 5138 ||| FLEEEEING.
  5140 | D:6      | 5140 ||| FLEEEEING.
  5174 | D:6      | 5174 ||| FLEEEEING.
  5215 | D:6      | Found a large runed translucent door.
  5216 | D:6      | Found a large runed translucent door.
  5462 | D:6      | Found a runed translucent door.
  5462 | D:6      | Noticed qw's ghost (amateur MiHs)
  5587 | D:6      | Reached skill level 10 in Ranged Weapons
  5817 | D:6      | 5817 ||| DRINKING 5 potions of curing.
  5817 | D:6      | 5817 ||| (to cure confusion)
  5965 | D:6      | 5965 ||| SWAPPING to +0 arbalest.
  5969 | D:6      | 5969 ||| FLEEEEING.
  5971 | D:6      | 5971 ||| FLEEEEING.
  5973 | D:6      | 5973 ||| FLEEEEING.
  5974 | D:6      | 5974 ||| FLEEEEING.
  5976 | D:6      | 5976 ||| FLEEEEING.
  5977 | D:6      | 5977 ||| FLEEEEING.
  6001 | D:6      | 6001 ||| DROPPING +0 heavy shortbow.
  6002 | D:6      | 6002 ||| READING scroll of brand weapon.
  6002 | D:6      | 6002 ||| BRANDING +0 arbalest.
  6010 | D:6      | Found a radiant altar of Vehumet.
  6275 | D:6      | 6275 ||| UPGRADING to +0 pair of gloves.
  6280 | D:6      | 6280 ||| UPGRADING to +1 cloak.
  6285 | D:6      | 6285 ||| READING 2 scrolls of identify.
  6285 | D:6      | 6285 ||| IDENTIFYING bubbling black potion
  6298 | D:7      | Reached XP level 9. HP: 79/79 MP: 9/9
  6411 | D:7      | Found a burning altar of Makhleb.
  6556 | D:7      | Found a staircase to the Ecumenical Temple.
  6557 | D:7      | 6557 ||| PLANNING TEMPLE
  6670 | D:7      | Found a glowing silver altar of Zin.
  6674 | D:7      | Reached skill level 11 in Ranged Weapons
  7055 | D:7      | Reached skill level 3 in Armour
  7066 | D:7      | 7066 ||| READING scroll of enchant armour.
  7066 | D:7      | 7066 ||| ENCHANTING +0 pair of gloves.
  7122 | D:7      | Found a bloodstained altar of Trog.
  7126 | D:7      | Noticed a wizard
  7131 | D:7      | Killed a wizard
  7158 | D:7      | Noticed Pikel
  7164 | D:7      | Killed Pikel
 27303 | D:6      | Glimpsed the power of Zot.
 27703 | D:6      | Glimpsed the power of Zot.
 28023 | D:6      | Glimpsed the power of Zot.
 28103 | D:6      | Touched by the power of Zot (MHP 79 -> 63)
 28104 | D:6      | Glimpsed the power of Zot.
 28504 | D:6      | Glimpsed the power of Zot.
 28824 | D:6      | Glimpsed the power of Zot.
 28903 | D:6      | Touched by the power of Zot (MHP 61 -> 48)
 28904 | D:6      | Glimpsed the power of Zot.
 29304 | D:6      | Glimpsed the power of Zot.
 29624 | D:6      | Glimpsed the power of Zot.
 29703 | D:6      | Touched by the power of Zot (MHP 47 -> 37)
 29704 | D:6      | Glimpsed the power of Zot.
 30104 | D:6      | Glimpsed the power of Zot.
 30424 | D:6      | Glimpsed the power of Zot.
 30503 | D:6      | Touched by the power of Zot (MHP 36 -> 27)
 30504 | D:6      | Glimpsed the power of Zot.
 30904 | D:6      | Glimpsed the power of Zot.
 31224 | D:6      | Glimpsed the power of Zot.
 31274 | D:7      | Upgraded the game from 0.31-a0-268-g4392ee761c to
                  | 0.31-a0-269-g3aca3be9df
 31274 | D:7      | 31274 ||| PLANNING TEMPLE
 31291 | Temple   | Entered the Ecumenical Temple
 31292 | Temple   | 31292 ||| PLANNING OKAWARU WORSHIP
 31298 | Temple   | Became a worshipper of Warmaster Okawaru
 31299 | Temple   | 31299 ||| PLANNING D:1-11
 31325 | D:6      | Touched by the power of Zot (MHP 26 -> 19)
 31326 | D:6      | Glimpsed the power of Zot.
 31414 | D:8      | Quit the game

Levels and vault maps discovered:
D:1:      lightli_arrival_isolated_outpost, layout_loops_ring,
          minmay_tree_intersection, st_stairs_9, serial_bayou_ford_a
D:2:      layout_basic, serial_shops, shop
D:3:      minmay_roachtagon, layout_loops_ring,
          hellmonk_ecumenical_altar_lost_god
D:4:      layout_basic, evilmike_ruin_ashenzari,
          nicolae_qazlal_eye_of_the_storm, corner_web_ring, bh_walls_and_bars
D:5:      layout_loops_ring, mainiacjoe_overflow_concentric_impassable,
          pdpol_wu_jian_five_deadly_venoms, serial_shops, kennysheep_mini_moat
D:6:      layout_basic, jmf_multi_god_temple2, vehumet_statue,
          cheibrodos_sewer_entry_sluice, gammafunk_ghost_grave,
          minmay_misc_feat_pillars
D:7:      layout_loops_ring, lemuel_tele_altar, makhleb_heckhound_becter,
          trog_wizard, temple_doors_e, enter_bailey_3,
          dreamdust_princess_bridge, chequers_mini_garden, st_stairs_8,
          uniq_pikel
D:8:      layout_loops_cross, lemuel_coloured_pillars_altar,
          minmay_quadrilaterals, uniq_erica
Temple:   hellmonk_temple_micro_hex

Skill      XL: |  1  2  3  4  5  6  7  8  9 |
---------------+----------------------------+-----
Ranged Weapons | 3 4 5 6 9 10 11 | 11.8
Fighting       | 2 4 5 7 |  7.1
Armour         | 1 2 3 |  3.0
Dodging        | 4 5 |  5.1
Spellcasting   | |  1.0
Hexes          | |  2.0

Action                     |  1- 3 |  4- 6 |  7- 9 || total
---------------------------+-------+-------+-------++-------
   Fire: Sling             |    65 |       |       ||    65
         Shortbow          |    60 |   160 |   171 ||   391
         Arbalest          |       |       |    89 ||    89
    Use: Scroll            |    10 |     2 |     7 ||    19
         Potion            |       |       |     2 ||     2
 Armour: Leather armour    |     9 |    10 |    37 ||    56
         Ring mail         |       |    27 |    15 ||    42
  Dodge: Dodged            |    41 |    61 |    81 ||   183

Table legend:
 A = Non-vault XP
 B = Vault XP
 C = Vault XP percentage of total XP
 D = Non-vault monster count
 E = Vault monster count
 F = Vault count percentage of total count
                 A         B        C        D         E       F
            +---------+---------+-------+---------+---------+-------
      Total |    3117 |    1108 |  26.2 |     118 |      47 |  28.5
            +---------+---------+-------+---------+---------+-------
        D:1 |      40 |       4 |   9.1 |      21 |       2 |   8.7
        D:2 |      45 |       0 |   0.0 |      15 |       0 |   0.0
        D:3 |      51 |      20 |  28.2 |      17 |      10 |  37.0
        D:4 |     588 |       0 |   0.0 |      14 |       0 |   0.0
        D:5 |     418 |       0 |   0.0 |      18 |       0 |   0.0
        D:6 |    1224 |      39 |   3.1 |      22 |       4 |  15.4
        D:7 |     751 |     790 |  51.3 |      11 |       7 |  38.9
      Sewer |       0 |     255 | 100.0 |       0 |      24 | 100.0
            +---------+---------+-------+---------+---------+-------
